 Dungeon Crawl Stone Soup version 0.32-a0-685-g93135e86f0 (webtiles) character file.

Game seed: 809960706555301233

353 Azra the Shooter (level 6, -3/48 HPs)
             Began as a Formicid Hunter on Mar 12, 2024.
             Killed from afar by a steam dragon (15 damage)
             ... with a ball of steam
             ... on level 4 of the Dungeon.
             The game lasted 00:08:22 (2674 turns).

Azra the Shooter (Formicid Hunter)                  Turns: 2674, Time: 00:08:23

Health: -3/48      AC:  3    Str: 16    XL:     6   Next: 94%
Magic:  0/6        EV: 13    Int:  8    God:
Gold:   157        SH:  0    Dex: 19    Spells: 5/5 levels left

rFire   . . .        a - +0 shortbow
rCold   . . .        (no shield)
rNeg    . . .        p - +0 leather armour
rPois   .            (helmet unavailable)
rElec   .            (no cloak)
rCorr   .            (no gloves)
SInv    +            (no boots)
Will    .....        m - amulet of guardian spirit
Stlth   ++           (no ring)
HPRegen 0.28/turn    (no ring)
MPRegen 0.10/turn

%: guardian spirit
@: no status effects
A: permanent stasis, dig shafts and tunnels, antennae 3, four strong arms
a: Dig, Shaft Self


You were on level 4 of the Dungeon.
You visited 1 branch of the dungeon, and saw 4 of its levels.

You collected 157 gold pieces.

Inventory:

Hand Weapons
 a - a +0 shortbow (weapon)
Missiles
 k - a throwing net
Armour
 p - a +0 leather armour (worn)
Jewellery
 l - a ring of protection from cold
 m - an amulet of guardian spirit (around neck)
Wands
 c - a wand of light (7)
Scrolls
 d - a scroll of brand weapon
 f - 2 scrolls of identify {@r1}
 g - a scroll of enchant weapon {unknown}
 h - a scroll of fog {unknown}
 j - a scroll of poison {unknown}
 n - a scroll of enchant armour {unknown}
Potions
 e - 2 potions of cancellation
 i - 2 potions of degeneration
 o - a potion of heal wounds {unknown}


   Skills:
 + Level 3.7 Fighting
 * Level 5.7 Ranged Weapons
 + Level 3.1 Dodging
 - Level 2.0 Stealth
 + Level 3.3 Shields


You had 5 spell levels left.
You didn't know any spells.
Your spell library contained the following spells:

 Spells                   Type           Power      Damage    Failure   Level
 Cigotuvi's Dreadful Rot  Necr/Alch/Air  0%         N/A       63%         2
 Inner Flame              Hex/Fire       0%         N/A       85%         3
 Flame Wave               Conj/Fire      0%         2d4       99%         4
 Ignite Poison            Fire/Alch      0%         N/A       99%         4
 Sticky Flame             Fire/Alch      0%         2d4       99%         4
 Freezing Cloud           Conj/Ice/Air   0%         6-21      100%        5


Dungeon Overview and Level Annotations

Branches:
Dungeon (4/15)
 Temple: D:4-7

Altars:
Fedhas

Shops:
D:2 ?

Annotations:
D:3 3 runed translucent doors, t4s4d4r's ghost, amateur CoFi
D:4 2 runed translucent doors, Sigmund; starts1789's ghost, amateur MDFi


Innate Abilities, Weirdness & Mutations

You cannot be hasted, slowed, berserked, paralysed or teleported.
You can dig through walls and to a lower floor.
You have a pair of large antennae on your head. (SInv)
Your four strong arms can wield two-handed weapons with a shield.


Message History

Things that are here:
a +0 club; a goblin corpse You shoot an arrow.
The steam dragon hisses angrily.
The arrow hits the steam dragon.
The steam dragon is lightly wounded.
You shoot an arrow. The arrow completely misses Sigmund.
The steam dragon breathes steam at you. The ball of steam hits you!
Sigmund screams, "I am the angel of ZOT!!!"
Aiming: Bolt of Light
Press: ? - help, Q - select action, (/) - cycle Shift-Dir - straight line, f - steam dragon, p - Sigmund
Aim: a steam dragon (lightly wounded, catching its breath, 71% to hit)
The bolt of light hits the steam dragon.
The steam dragon is moderately wounded.
The steam dragon is blinded.
You are engulfed in a cloud of scalding steam.
Sigmund barely misses you.
Aiming: Bolt of Light
Press: ? - help, Q - select action, (/) - cycle Shift-Dir - straight line, f - Sigmund, p - steam dragon
Aim: Sigmund, wielding a +0 scythe and wearing a +2 robe of willpower (heavily wounded, 68% to hit)
The bolt of light hits Sigmund.
Sigmund is heavily wounded.
Sigmund is blinded.
You are engulfed in a cloud of scalding steam.
Sigmund barely misses you.
Read: scroll of butterflies
Press: ? - help, Q - select action, (/) - cycle Dir - look around, f - activate
As you read the scroll of butterflies, it crumbles to dust.
You hear the flapping of tiny wings.
Sigmund is knocked back by the sudden gust.
The steam dragon is knocked back by the sudden gust.
You are engulfed in a cloud of scalding steam.
* * * LOW HITPOINT WARNING * * *
The steam dragon breathes steam at you. The ball of steam hits your butterfly!!
Your butterfly dies!
Your butterfly disappears in a burst of colours!
The ball of steam hits you!
You die...

#...##.........##
###.......#.....#.......
#....##..###............
#.... ##..#......b......
#..... #.............b..
#..##..###........b.....
#.# #.....##.##.bb#.#.#
##..#..##.###bb.b...
#......@bbbb@§D#.#.#
.....<.#..#b##bbbb....
..##..########b#b#.#.# .
#.# #.bbb.... ##
##b.bb$.. #######


You could see a steam dragon (blind, unable to see you, catching breath, ally
target) and Sigmund (blind, unable to see you, ally target).

Vanquished Creatures
  A black bear (D:4)
  A bombardier beetle (D:4)
  2 orc wizards
  An iguana (D:4)
  3 gnolls (D:2)
  3 adders
  A dart slug (D:2)
  11 orcs
  4 bats
  6 endoplasms
  4 giant cockroaches (D:1)
  6 goblins
  7 hobgoblins
  3 jackals (D:1)
  4 quokkas
  10 ball pythons
  3 frilled lizards
  6 kobolds
  6 rats
82 creatures vanquished.

Notes
Turn   | Place    | Note
-------+----------+-------------------------------------------
     0 | D:1      | Azra the Formicid Hunter began the quest for the Orb.
     0 | D:1      | Reached XP level 1. HP: 16/16 MP: 1/1
    69 | D:1      | Reached XP level 2. HP: 22/22 MP: 2/2
   184 | D:1      | Reached XP level 3. HP: 28/28 MP: 3/3
   189 | D:1      | Reached skill level 1 in Shields
   674 | D:2      | Reached XP level 4. HP: 34/34 MP: 4/4
  1236 | D:2      | Found Meill's Magic Scroll Shop.
  1367 | D:2      | Found a faded altar of an unknown god.
  1428 | D:2      | Reached XP level 5. HP: 40/40 MP: 5/5
  1673 | D:3      | Reached skill level 5 in Ranged Weapons
  1739 | D:3      | Found a runed translucent gate.
  1741 | D:3      | Found a runed translucent gate.
  1742 | D:3      | Found a runed translucent gate.
  1743 | D:3      | Noticed t4s4d4r's ghost (amateur CoFi)
  2089 | D:3      | Found a blossoming altar of Fedhas.
  2377 | D:4      | Reached XP level 6. HP: 47/47 MP: 6/6
  2407 | D:4      | Found a large runed translucent door.
  2407 | D:4      | Found a large runed translucent door.
  2409 | D:4      | Noticed starts1789's ghost (amateur MDFi)
  2552 | D:4      | Noticed a black bear
  2563 | D:4      | Killed a black bear
  2663 | D:4      | Noticed Sigmund
  2668 | D:4      | Noticed a steam dragon
  2674 | D:4      | Killed from afar by a steam dragon

Illustrated notes

Levels and vault maps discovered:
D:1:      psy_arrival_whirlpool, layout_basic
D:2:      layout_loops_ring, shapermc_ecumenical_altar_flowoftime, serial_shops,
          nicolae_shop_trees, bh_walls_and_bars
D:3:      layout_loops_cross, fedhas_altar_3, gammafunk_ghost_split
D:4:      nicolae_BIG_FREAKIN_CUBE, layout_cave_pools,
          ebering_ghost_disaster_area, serial_glass, glass_columns_b,
          glass_columns_b, hangedman_decor_clover_reticule, uniq_sigmund,
          uniq_crazy_yiuf_cottage

Skill      XL: |  1  2  3  4  5  6 |
---------------+-------------------+-----
Dodging        | 2 3 |  3.1
Shields        | 1 2 3 |  3.3
Stealth        | 2 |  2.0
Fighting       | 3 |  3.7
Ranged Weapons | 5 |  5.7

Action                     |  1- 3 |  4- 6 || total
---------------------------+-------+-------++-------
  Melee: Shortbow          |       |     2 ||     2
   Fire: Shortbow          |    85 |   182 ||   267
  Evoke: Wand              |       |     4 ||     4
    Use: Scroll            |       |     4 ||     4
 Armour: Leather armour    |    17 |    54 ||    71
  Dodge: Dodged            |    21 |    63 ||    84

Table legend: (Time is in decaauts)
 A = Elapsed time spent in this place.
 B = Non-inter-level travel time spent in this place.
 C = Inter-level travel time spent in this place.
 D = Time resting spent in this place.
 E = Time spent auto-exploring this place.
 F = Levels seen in this place.
 G = Mean time per level.
                   A        B        C        D        E       F      G
               +--------+--------+--------+--------+--------+-----+--------+
         Total |   2727 |   2604 |    123 |    175 |   1903 |   4 |  681.8 |
       Dungeon |   2727 |   2604 |    123 |    175 |   1903 |   4 |  681.8 |
               +--------+--------+--------+--------+--------+-----+--------+

Top non-repeatable levels by time:
     D:2: 942 daAuts
     D:3: 709 daAuts
     D:1: 641 daAuts
     D:4: 434 daAuts
